 Dungeon Crawl Stone Soup version 0.25-a0-322-g3677130cb1 (webtiles) character file.

Game seed: 14057199732904058519, levelgen mode: deterministic

4832 wullow the Tainter (level 10, 0/76 HPs)
             Began as a Merfolk Venom Mage on Dec 27, 2019.
             Was an Elder of Okawaru.
             Slain by a hornet (12 damage)
             ... on level 9 of the Dungeon.
             The game lasted 00:36:32 (9495 turns).

wullow the Tainter (Merfolk Venom Mage)             Turns: 9495, Time: 00:36:33

Health: 0/76       AC:  7    Str: 10    XL:     10   Next: 49%
Magic:  15/21      EV: 13    Int: 16    God:    Okawaru [****..]
Gold:   407        SH:  0    Dex: 15    Spells: 6/23 levels left

rFire    + . .     SeeInvis .   C - +2 short sword (protect)
rCold    . . .     Gourm    .   (no shield)
rNeg     + . .     Faith    .   u - +2 robe {rN+}
rPois    .         Spirit   .   (no helmet)
rElec    .         Reflect  .   (no cloak)
rCorr    .         Harm     .   (no gloves)
MR       .....                  x - +2 pair of boots
Stlth    +++.......             A - amulet of the acrobat
HPRegen  0.22/turn              z - ring of wizardry
MPRegen  0.17/turn              r - ring of protection from fire

@: lethally poisoned (0 -> -8), slowed, very slow
A: change form in water, swift swim, stealthy swim
a: Heroism, Renounce Religion


You were on level 9 of the Dungeon.
You worshipped Okawaru.
Okawaru was greatly pleased with you.
You were not hungry.

You visited 2 branches of the dungeon, and saw 10 of its levels.

You collected 407 gold pieces.

Inventory:

Hand Weapons
 h - a +0 quarterstaff of protection
 y - a +3 hunting sling of flaming
 C - a +2 short sword of protection (weapon)
Missiles
 d - 32 sling bullets
 i - 243 stones
 m - 40 poisoned darts (quivered)
 q - a throwing net
 s - 12 boomerangs
 w - 4 javelins
Armour
 u - a +2 robe of positive energy (worn)
 x - a +2 pair of boots (worn)
 B - a +1 ring mail of positive energy
Magical Staves
 F - an uncursed staff of power {unknown}
Jewellery
 f - an uncursed ring of protection from cold
 n - an uncursed ring of teleportation
 r - a ring of protection from fire (right hand)
 z - a ring of wizardry (left hand)
 A - an amulet of the acrobat (around neck)
Wands
 E - a wand of flame (17)
 J - a wand of digging (4)
 K - a wand of polymorph (5)
Scrolls
 b - 4 scrolls of teleportation
 e - 2 scrolls of brand weapon {unknown}
 j - 2 scrolls of blinking
 l - a scroll of enchant armour
 v - 4 scrolls of random uselessness
 D - 3 scrolls of remove curse
 G - a scroll of magic mapping {unknown}
 L - a scroll of amnesia
 N - a scroll of identify
 O - a scroll of fog {unknown}
Potions
 a - a potion of resistance
 g - 5 potions of flight
 k - a potion of cancellation
 o - a potion of might
 p - 5 potions of curing
 t - a potion of haste {unknown}
 H - a potion of ambrosia {unknown}
 I - 2 potions of brilliance {unknown}
Comestibles
 c - 13 rations
 M - 3 chunks of flesh


   Skills:
 + Level 5.7 Fighting
 + Level 6.3 Short Blades
 - Level 3.0 Dodging
 + Level 3.9 Stealth
 * Level 7.4 Spellcasting
 - Level 2.0 Conjurations
 - Level 2.0 Hexes
 - Level 3.0 Transmutations
 - Level 2.0 Fire Magic
 - Level 2.0 Air Magic
 * Level 9.2 Poison Magic
 + Level 1.2 Invocations
 + Level 1.1 Evocations


You had 6 spell levels left.
You knew the following spells:

 Your Spells              Type           Power        Failure   Level  Hunger
a - Sting                 Tmut/Pois      ####         1%          1    None
b - Poisonous Vapours     Pois/Air       ###...       1%          2    None
c - Mephitic Cloud        Conj/Pois/Air  ###.....     2%          3    ##.....
d - Olgreb's Toxic Radia  Pois           #####...     1%          4    ####...
e - Ignite Poison         Fire/Tmut/Pois ###.....     1%          3    ##.....
f - Confuse               Hex            ##......     6%          3    ##.....
g - Confusing Touch       Hex            ##....       2%          1    None

Your spell library contained the following spells:

 Spells                   Type           Power        Failure   Level  Hunger
 Gell's Gravitas          Tloc           #.........   14%         3    ##.....
 Petrify                  Tmut/Erth      ##......     26%         4    ####...
 Yara's Violent Unravell  Hex/Tmut       ##........   41%         5    #####..
 Metabolic Englaciation   Hex/Ice        #.........   61%         5    #####..


Dungeon Overview and Level Annotations

Branches:
Dungeon (9/15)             Temple (1/1) D:7            Lair (0/6) D:8
    Orc: D:9-12

Altars:
Ashenzari
Cheibriados
Dithmenos
Elyvilon
Fedhas
Gozag
Hepliaklqana
Kikubaaqudgha
Makhleb
Nemelex Xobeh
Okawaru
Qazlal
Ru
Sif Muna
Trog
Uskayaw
Vehumet
Wu Jian
Xom
Yredelemnul
Zin
The Shining One

Shops:
D:5 ?   D:6 *

Annotations:
D:4 exclusion: upstairs


Message History

Your hands begin to glow red.
The hornet stings you.
You feel yourself slow down. The hornet stings you!
* * * LOW HITPOINT WARNING * * *
You are more poisoned.
You feel as though you will be slow longer.
You hit the hornet but do no damage.
The hornet appears confused.
You feel sick. The hornet misses you.
Casting: Confusing Touch (safe; 2% risk of failure)
Confirm with . or Enter, or press ? or * to list all spells.
Aiming: Poisonous Vapours (safe; 1% risk of failure)
Press: ? - help, Dir - move target cursor, f - hornet
Aim: a hornet (confused) Poisonous vapours surround the hornet!
You feel sick.
The hornet is engulfed in poison gas.
The hornet is poisoned.
Casting: Poisonous Vapours (safe; 1% risk of failure)
Confirm with . or Enter, or press ? or * to list all spells.
Okay, then.
M - 3 chunks of flesh You feel sick.
The hornet stings you!
You die...

#.####..##.##.##.†.##..#
.. ##. #......##...>##
#.# # #.#....####..# #.#
#.####..# #..# #..#
#.##########.####### ..#
####.#.#.#.......).. .#
+#.#.##.......... ##
#y#†#............ #
#@#.##.......... #
######....)..... ######.
........... .......
............ ####..#
##........... (#
##.......) .# ####### ..
...


You could see a hornet (confused).

Vanquished Creatures
  A troll (D:9)
  2 hornets (D:9)
  A hippogriff (D:8)
  Duvessa (D:7)
  2 orc warriors
  3 black bears
  2 ice beasts (D:8)
  3 sky beasts
  A phantom (D:7)
  4 ogres
  3 centaurs
  2 big kobolds
  2 bullfrogs (D:8)
  A gnoll sergeant (D:9)
  A wyvern zombie (D:7)
  Dowan (D:7)
  A water moccasin skeleton (D:9)
  2 scorpions
  9 killer bees
  2 howler monkeys (D:7)
  3 crimson imps
  2 centaur zombies
  2 orc wizards
  2 jellies
  2 bullfrog zombies (D:9)
  10 hounds
  A bullfrog skeleton (D:7)
  A centaur skeleton (D:4)
  Jessica (D:3)
  Natasha (thrice) (D:2)
  Terence (D:3)
  2 iguanas
  6 worker ants
  A hound skeleton (D:6)
  8 gnolls
  10 adders
  2 shadow imps (D:6)
  2 adder zombies
  3 adder skeletons
  2 worms (D:2)
  3 dart slugs
  2 leopard geckos
  20 orcs
  5 giant cockroaches
  12 goblins
  4 hobgoblins
  9 jackals
  4 quokkas
  2 ball pythons
  3 bats (D:2)
  7 frilled lizards
  17 kobolds
  A quokka skeleton (D:8)
  8 rats
205 creatures vanquished.

Notes
Turn   | Place    | Note
-------+----------+-------------------------------------------
     0 | D:1      | wullow the Merfolk Venom Mage began the quest for the Orb.
     0 | D:1      | Reached XP level 1. HP: 13/13 MP: 3/3
   283 | D:1      | Reached XP level 2. HP: 17/20 MP: 0/5
   290 | D:1      | Learned a level 2 spell: Poisonous Vapours
   791 | D:1      | Reached XP level 3. HP: 25/25 MP: 6/6
  1465 | D:2      | Reached skill level 4 in Poison Magic
  1469 | D:2      | Reached skill level 1 in Fighting
  1469 | D:2      | Reached XP level 4. HP: 16/32 MP: 0/7
  1776 | D:2      | Noticed a black bear
  1789 | D:2      | Killed a black bear
  1789 | D:2      | Reached skill level 1 in Short Blades
  1789 | D:2      | Reached XP level 5. HP: 23/38 MP: 1/9
  2094 | D:2      | Learned a level 4 spell: Olgreb's Toxic Radiance
  2301 | D:2      | Noticed Natasha
  2306 | D:2      | Killed Natasha
  2337 | D:2      | Noticed Natasha
  2346 | D:2      | Killed Natasha
  2346 | D:2      | Reached XP level 6. HP: 19/44 MP: 0/11
  2470 | D:2      | Noticed Natasha
  2474 | D:2      | Killed Natasha
  2474 | D:2      | Reached skill level 5 in Poison Magic
  2482 | D:2      | Learned a level 3 spell: Mephitic Cloud
  2598 | D:2      | Found a glowing silver altar of Zin.
  2820 | D:3      | Noticed Terence
  2830 | D:3      | Killed Terence
  3251 | D:3      | Noticed Jessica
  3254 | D:3      | Killed Jessica
  3496 | D:4      | Found a radiant altar of Vehumet.
  3509 | D:4      | Noticed a phantom
  3703 | D:4      | Reached skill level 1 in Air Magic
  3747 | D:4      | Found a hazy altar of Hepliaklqana.
  4021 | D:4      | Found an iron altar of Okawaru.
  4124 | D:4      | Became a worshipper of Warmaster Okawaru
  4136 | D:5      | Entered Level 5 of the Dungeon
  4164 | D:5      | Reached XP level 7. HP: 51/51 MP: 7/12
  4437 | D:5      | Reached skill level 1 in Conjurations
  4903 | D:5      | Found Luesk's Magic Scroll Shop.
  5212 | D:5      | Found a glowing golden altar of the Shining One.
  5221 | D:5      | Found a blossoming altar of Fedhas.
  5315 | D:6      | Found Joly's Elemental Accessories.
  5334 | D:6      | Reached skill level 6 in Poison Magic
  5463 | D:6      | Reached XP level 8. HP: 58/58 MP: 7/14
  5841 | D:6      | Learned a level 3 spell: Ignite Poison
  5896 | D:6      | Reached * piety under Okawaru
  6350 | D:6      | Reached skill level 5 in Spellcasting
  6425 | D:7      | Learned a level 3 spell: Confuse
  6427 | D:7      | Learned a level 1 spell: Confusing Touch
  6485 | D:7      | Noticed Dowan
  6486 | D:7      | Noticed Duvessa
  6489 | D:7      | Killed Dowan
  6505 | D:7      | Killed Duvessa
  6607 | D:7      | Reached skill level 1 in Hexes
  6710 | D:7      | Reached skill level 7 in Poison Magic
  6737 | D:7      | Reached ** piety under Okawaru
  6768 | D:7      | Reached skill level 1 in Fire Magic
  6768 | D:7      | Reached XP level 9. HP: 63/65 MP: 2/17
  7243 | D:7      | Found a staircase to the Ecumenical Temple.
  7266 | Temple   | Entered the Ecumenical Temple
  7641 | D:8      | Reached skill level 5 in Short Blades
  7713 | D:8      | Found an ornate altar of the Wu Jian Council.
  7751 | D:8      | Found a staircase to the Lair.
  7780 | D:8      | Reached skill level 8 in Poison Magic
  7906 | D:8      | Reached *** piety under Okawaru
  8181 | D:8      | Reached skill level 5 in Fighting
  8258 | D:8      | Reached XP level 10. HP: 56/74 MP: 1/20
  8927 | D:9      | Reached **** piety under Okawaru
  8979 | D:9      | Reached skill level 9 in Poison Magic
  9426 | D:9      | Reached skill level 1 in Invocations
  9426 | D:9      | Reached skill level 1 in Evocations
  9486 | D:9      | Paralysed by a hornet for 2 turns
  9495 | D:9      | Slain by a hornet

Levels and vault maps discovered:
D:1:      scummos_arrival_simple_fountains, layout_basic
D:2:      layout_loops_cross, zin_statuary, nrook_mini_backslash, uniq_natasha
D:3:      layout_loops_ring, first_ration, kennysheep_jessica_study,
          uniq_terence
D:4:      layout_rooms, vehumet_crystals, overflow_temple_1_default,
          okawaru_metal_pillars_3
D:5:      layout_cave_pools, minitemple, serial_shops, shop_scrolls
D:6:      layout_loops_ring, nicolae_elemental_shop, kennysheep_generic_room_16
D:7:      layout_loops_cross, minmay_temple_entry_nine_rooms, uniq_duvessa
D:8:      layout_loops_ring, old_standard_altar, lair_entry_dummy
D:9:      layout_rooms, hangedman_pestilent_swarm
Temple:   nicolae_temple_no_exploring_needed

Skill      XL: |  1  2  3  4  5  6  7  8  9 10 |
---------------+-------------------------------+-----
Poison Magic   | 4 5 6 7 8 9 |  9.2
Fighting       | 1 2 3 4 5 |  5.7
Transmutations | 2 3 |  3.0
Short Blades   | 1 2 3 4 5 6 |  6.3
Spellcasting   | 3 4 5 6 7 |  7.4
Air Magic      | 1 2 |  2.0
Conjurations   | 1 2 |  2.0
Hexes          | 1 2 |  2.0
Fire Magic     | 1 2 |  2.0
Dodging        | 3 |  3.0
Stealth        | 3 |  3.9
Invocations    | 1 |  1.2
Evocations     | 1 |  1.1

Action                   |  1- 3 |  4- 6 |  7- 9 | 10-12 || total
-------------------------+-------+-------+-------+-------++-------
Melee: Unarmed           |    28 |       |       |       ||    28
       Short sword       |    53 |   138 |   228 |   115 ||   534
 Fire: Hunting sling     |       |       |    26 |     9 ||    35
Throw: Dart              |       |     8 |       |       ||     8
       Stone             |       |     5 |       |       ||     5
 Cast: Sting             |    24 |     5 |    11 |     3 ||    43
       Poisonous Vapours |     3 |    47 |   101 |    31 ||   182
       Olgreb's Toxic Ra |       |       |     8 |     3 ||    11
       Mephitic Cloud    |       |       |     3 |     3 ||     6
       Confusing Touch   |       |       |    12 |    16 ||    28
  Use: Scroll            |       |     1 |    17 |       ||    18
       Potion            |       |       |     2 |       ||     2
 Stab: Sleeping          |     3 |     4 |       |       ||     7
       Confused          |       |       |     8 |    15 ||    23
  Eat: Chunk             |     2 |    12 |    10 |     4 ||    28
       Ration            |       |       |     2 |       ||     2
Armor: Robe              |    17 |    25 |    71 |    31 ||   144
Dodge: Dodged            |    59 |    84 |   197 |    86 ||   426

Table legend:
 A = Non-vault XP
 B = Vault XP
 C = Vault XP percentage of total XP
 D = Non-vault monster count
 E = Vault monster count
 F = Vault count percentage of total count
                 A         B        C        D         E       F
            +---------+---------+-------+---------+---------+-------
      Total |    5859 |    1045 |  15.1 |     194 |      11 |   5.4
            +---------+---------+-------+---------+---------+-------
        D:1 |      40 |       0 |   0.0 |      22 |       0 |   0.0
        D:2 |     315 |      37 |  10.5 |      32 |       1 |   3.0
        D:3 |      25 |      75 |  75.0 |       7 |       3 |  30.0
        D:4 |     187 |       0 |   0.0 |      16 |       0 |   0.0
        D:5 |     438 |       0 |   0.0 |      12 |       0 |   0.0
        D:6 |     426 |     156 |  26.8 |       9 |       2 |  18.2
        D:7 |    1140 |     219 |  16.1 |      24 |       2 |   7.7
        D:8 |    1675 |       0 |   0.0 |      41 |       0 |   0.0
        D:9 |    1568 |     558 |  26.2 |      30 |       3 |   9.1
     Temple |      45 |       0 |   0.0 |       1 |       0 |   0.0
            +---------+---------+-------+---------+---------+-------
